 Dungeon Crawl Stone Soup version 0.17.0-26-gececa24 (webtiles) character file.

53897 Raultor the Black Belt (level 14, -1/99 HPs)
             Began as an Octopode Transmuter on Nov 20, 2015.
             Was the Champion of Cheibriados.
             Slain by a tentacled starspawn (22 damage)
             ... on level 1 of the Abyss.
             The game lasted 01:37:23 (21207 turns).

Raultor the Black Belt (Octopode Transmuter)       Turns: 21207, Time: 01:37:24

Health: -1/99      AC:  2    Str: 24 (25) XL:     14   Next: 70%
Magic:  20/20      EV: 24    Int: 33      God:    Cheibriados [******]
Gold:   956        SH:  0    Dex: 27 (29) Spells: 4 memorised, 3 levels left

rFire  + . .     SeeInvis .       - Unarmed
rCold  + + .     Clarity  .     (shield currently unavailable)
rNeg   . . .     SustAt   .     v - +1 hat
rPois  .         Gourm    +     C - amulet of the gourmand
rElec  .         Spirit   .     l - ring of protection from fire
rCorr  .         Warding  .     q - ring of protection from cold
rMut   .         Stasis   .     H - ring of protection from cold
MR     +....                    (no ring)
Stlth  +++.......               (no ring)
                                (no ring)
                                (no ring)
                                (no ring)

@: blade tentacles, very slow, somewhat resistant to hostile enchantments,
fairly stealthy
A: almost no armour, amphibious, 8 rings, constrict 8, camouflage 1, blurry
vision 1, gelatinous body 1
a: End Transformation, Bend Time, Temporal Distortion, Slouch, Step From Time,
Renounce Religion


You were on level 1 of the Abyss.
You worshipped Cheibriados.
Cheibriados was exalted by your worship.
You were not hungry.
You had blades for tentacles.
You visited 3 branches of the dungeon, and saw 16 of its levels.
You visited the Abyss 1 time.
You also visited: Volcano.

You collected 956 gold pieces.

Inventory:

Missiles
 a - 12 arrows
 d - 396 stones (quivered)
 F - 8 throwing nets
Armour
 v - a +1 hat (worn)
Jewellery
 l - a ring of protection from fire (left scythe-like blade)
 q - a ring of protection from cold (right scythe-like blade)
 C - an amulet of the gourmand (around mantle)
 H - a ring of protection from cold (on tentacle)
 I - an uncursed ring of ice
Wands
 o - a wand of fire (6)
 A - a wand of enslavement (17)
 J - a wand of cold (2)
 K - a wand of flame (23)
 R - a wand of magic darts (19)
Scrolls
 e - 3 scrolls of enchant weapon
 f - a scroll of fear
 g - 5 scrolls of identify
 h - a scroll of blinking
 s - 4 scrolls of magic mapping
 w - 3 scrolls of remove curse
 x - 5 scrolls of recharging
 z - a scroll of brand weapon
 B - 4 scrolls of teleportation
 E - 3 scrolls of fog
 P - a scroll of amnesia
 Q - a scroll of summoning {unknown}
Potions
 i - 2 potions of agility
 k - 2 potions of brilliance
 m - 2 potions of flight
 t - a potion of might
 D - a potion of heal wounds
 G - 2 potions of cure mutation {unknown}
 L - 3 potions of curing
Books
 b - a book of Changes

   Spells                             Type                      Level
   a - Beastly Appendage              Transmutation                1
   b - Sticks to Snakes               Transmutation                2
   c - Spider Form                    Transmutation/Poison         3
   d - Ice Form                       Ice/Transmutation            4
   e - Blade Hands                    Transmutation                5
 j - a book of the Tempests

   Spells                             Type                      Level
   a - Static Discharge               Conjuration/Air              3
   b - Lightning Bolt                 Conjuration/Air              5
   c - Fireball                       Conjuration/Fire             5
   d - Tornado                        Air                          9
   e - Shatter                        Earth                        9
 r - Muduh's Grimoire of Destructive Flight
   (You found it on level 1 of the Lair of Beasts)

   Spells                             Type                      Level
   a - Shock                          Conjuration/Air              1
   b - Repel Missiles                 Charms/Air                   2
   c - Poisonous Cloud                Conjuration/Poison/Air       6
   d - Conjure Ball Lightning         Conjuration/Air              6
 y - a book of Beasts

   Spells                             Type                      Level
   a - Summon Butterflies             Summoning                    1
   b - Call Canine Familiar           Summoning                    3
   c - Summon Ice Beast               Ice/Summoning                4
   d - Summon Mana Viper              Hexes/Summoning              5
   e - Summon Hydra                   Summoning                    7
 O - a book of Unlife

   Spells                             Type                      Level
   a - Recall                         Summoning/Translocation      3
   b - Animate Dead                   Necromancy                   4
   c - Control Undead                 Necromancy                   4
   d - Cigotuvi's Embrace             Necromancy                   5
   e - Death Channel                  Necromancy                   6
   f - Simulacrum                     Ice/Necromancy               6
Miscellaneous
 N - a phial of floods
 S - a stone of tremors
Comestibles
 c - 14 bread rations
 n - 6 meat rations
 p - 2 fruits
 u - 9 beef jerkies
 M - 3 royal jellies


   Skills:
 + Level 10.1 Fighting
 + Level 10.0 Dodging
 * Level 15.0 Unarmed Combat
 - Level 2.0 Spellcasting
 - Level 10.2 Transmutations
 - Level 6.2 Ice Magic
 - Level 2.3 Poison Magic
 - Level 8.7 Invocations
 + Level 4.5 Evocations


You had 3 spell levels left.
You knew the following spells:

 Your Spells              Type           Power        Failure   Level  Hunger
a - Repel Missiles        Chrm/Air       #.....       50%         2    ##.....
b - Spider Form           Trmt/Pois      #####.....   17%         3    ###....
c - Ice Form              Ice/Trmt       ######..     24%         4    ####...
d - Blade Hands           Trmt           ######....   24%         5    ######.


Dungeon Overview and Level Annotations

Branches:
Dungeon (10/15)            Temple (1/1) D:4            Lair (5/8) D:10
 Shoals (0/4) Lair:4          Orc (0/4) D:9
  Snake: Lair:3-6    Spider: Lair:3-6

Altars:
Ashenzari
Cheibriados
Dithmenos
Elyvilon
Fedhas
Gozag
Kikubaaqudgha
Makhleb
Nemelex Xobeh
Okawaru
Qazlal
Ru
Sif Muna
Trog
Vehumet
Xom
Yredelemnul
Zin
The Shining One

Annotations:
D:2 Sigmund
Lair:4 exclusion: oklob plant
Lair:5 exclusion: electric eel Volcano Erolcha


Innate Abilities, Weirdness & Mutations

You cannot wear most types of armour.
You are amphibious.
You can wear up to eight rings at the same time.
You can use your tentacles to constrict eight enemies at once.
Your skin changes colour to match your surroundings (Stealth).
Your rubbery body absorbs attacks (AC +1).
Scrolls take you a little longer to read.


Message History

The tentacled starspawn engulfs you.
* * * LOW HITPOINT WARNING * * *
You barely miss the tentacled starspawn.
You squeeze the tentacled starspawn!
The tentacled starspawn is lightly damaged.
The tentacled starspawn completely misses you.
The tentacled starspawn closely misses you.
You hit the tentacled starspawn but do no damage.
You squeeze the tentacled starspawn.
The tentacled starspawn is moderately damaged.
You slash the tentacled starspawn!
Your slash misses the tentacled starspawn.
The tentacled starspawn is heavily damaged.
The tentacled starspawn bites you.
* * * LOW HITPOINT WARNING * * *
The tentacled starspawn barely misses you.
You hit the tentacled starspawn. You slash the tentacled starspawn!!
The tentacled starspawn is severely damaged.
The tentacled starspawn bites you!!
You die...

. ## .# ##.###
## ##.... ...
# # #...#.....
#@.......
#...*X####....
# #.....w ##.
. #####.. ..
... .... .
#.#.# .### ..


You could see a tentacled starspawn and a starspawn tentacle.

Vanquished Creatures
  Rupert (Lair:4)
  Gastronok (Lair:1)
  18 starcursed masses (Abyss:1)
  The ghost of nht the Bludgeoner, a journeyman OgBe of Trog (Lair:4)
  3 hydras
  Erica (D:8)
  2 hell hogs (Abyss:1)
  Nergalle (Lair:4)
  The ghost of 4thArraOfDagon the Cleaver, a novice MiFi of Makhleb (D:9)
  3 wretched stars (Abyss:1)
  Pikel (D:8)
  3 hill giants (D:10)
  2 griffons
  An orc sorcerer (D:9)
  A centaur zombie (D:10)
  25 elephants
  Maurice (D:8)
  Joseph (D:8)
  An orange demon (Abyss:1)
  A siren (Lair:4)
  Psyche (D:10)
  2 torpor snails (Lair:3)
  A black mamba (Lair:3)
  9 spiny frogs
  A fire drake (Lair:5)
  A komodo dragon (Lair:5)
  4 ancient zymes (Abyss:1)
  3 merfolk (Lair:4)
  A two-headed ogre (D:9)
  9 blink frogs
  A troll (D:10)
  A flying skull (Abyss:1)
  A ynoxinul (Abyss:1)
  2 wyverns
  2 hungry ghosts
  3 basilisks
  4 fire bats
  A deep elf mage (D:10)
  2 steam dragons (D:7)
  7 hippogriffs
  4 small abominations (Abyss:1)
  Grum (D:8)
  3 chaos spawn (Abyss:1)
  2 neqoxecs (Abyss:1)
  15 wolves
  23 yaks
  2 large abominations (Abyss:1)
  10 water moccasins
  2 orc warriors
  6 porcupines
  6 sky beasts
  An eye of draining (D:9)
  4 phantoms
  4 slaves (D:8)
  3 black bears
  A necrophage (D:5)
  The ghost of 4thArraOfDagon the Chopper, an amateur HOBe of Trog (D:4)
  6 ogres
  An ice beast (D:5)
  5 centaurs
  4 crocodiles
  3 gnoll sergeants
  9 giant frogs
  A big kobold (D:9)
  4 scorpions
  5 wights (D:10)
  9 killer bees
  4 crimson imps
  A giant frog zombie (D:10)
  5 hounds
  2 centaur skeletons
  11 iguanas
  A jelly (D:5)
  6 orc priests
  16 orc wizards
  2 giant frog skeletons
  2 quasits
  9 worker ants
  5 sheep (Lair:2)
  2 hound skeletons
  A hound zombie (D:10)
  A worker ant zombie (D:6)
  57 river rats
  20 gnolls
  14 adders
  6 shadow imps
  A white imp (Abyss:1)
  An ufetubus (Abyss:1)
  2 oozes
  2 adder zombies
  2 adder skeletons
  3 worms (D:2)
  6 giant geckos
  32 orcs
  A ball python (D:1)
  7 bats
  4 giant cockroaches
  9 hobgoblins
  8 jackals
  3 quokkas
  4 giant newts
  6 goblins
  15 kobolds
  A quokka zombie (D:6)
  10 rats
542 creatures vanquished.

Vanquished Creatures (others)
  A human (D:8)
  10 fungi
  2 plants
  10 starspawn tentacle segments (Abyss:1)
23 creatures vanquished.

Grand Total: 565 creatures vanquished

Notes
Turn   | Place    | Note
--------------------------------------------------------------
     0 | D:1      | Raultor the Octopode Transmuter began the quest for the Orb.
     0 | D:1      | Reached XP level 1. HP: 13/13 MP: 3/3
   131 | D:1      | Reached XP level 2. HP: 15/18 MP: 3/5
   584 | D:2      | Reached XP level 3. HP: 23/23 MP: 6/6
   600 | D:2      | Learned a level 3 spell: Spider Form
  1013 | D:2      | Noticed Sigmund
  1026 | D:2      | Reached skill level 1 in Poison Magic
  1081 | D:2      | Reached XP level 4. HP: 21/28 MP: 7/7
  1098 | D:2      | Found a sacrificial altar of Ru.
  1098 | D:2      | Found a radiant altar of Vehumet.
  1106 | D:2      | Found a glowing golden altar of the Shining One.
  1108 | D:2      | Found a burning altar of Makhleb.
  1108 | D:2      | Found an iron altar of Okawaru.
  1112 | D:2      | Found a basalt altar of Yredelemnul.
  1207 | D:2      | Reached skill level 4 in Transmutations
  1795 | D:3      | Reached XP level 5. HP: 25/33 MP: 5/8
  1810 | D:3      | Learned a level 4 spell: Ice Form
  2112 | D:3      | Noticed an ogre
  2124 | D:3      | Killed an ogre
  2252 | D:4      | Noticed 4thArraOfDagon's ghost (amateur HOBe)
  2280 | D:4      | Killed 4thArraOfDagon's ghost
  2280 | D:4      | Reached skill level 5 in Transmutations
  2280 | D:4      | Reached XP level 6. HP: 20/38 MP: 0/9
  2379 | D:4      | Noticed an ogre
  2411 | D:4      | Killed an ogre
  2610 | D:4      | Reached XP level 7. HP: 15/43 MP: 6/10
  2925 | D:4      | Noticed a phantom
  3196 | D:3      | Killed a phantom
  3692 | D:5      | Entered Level 5 of the Dungeon
  3960 | D:4      | Reached skill level 6 in Transmutations
  4149 | D:4      | Found a staircase to the Ecumenical Temple.
  4157 | Temple   | Entered the Ecumenical Temple
  4257 | Temple   | Became a worshipper of Cheibriados the Contemplative
  4691 | D:5      | Found a radiant altar of Vehumet.
  4720 | D:5      | Reached skill level 5 in Ice Magic
  4775 | D:5      | Reached XP level 8. HP: 26/48 MP: 0/11
  5266 | D:5      | Reached * piety under Cheibriados
  5472 | D:5      | Reached skill level 5 in Unarmed Combat
  5990 | D:6      | Reached skill level 7 in Transmutations
  6448 | D:6      | Reached XP level 9. HP: 22/53 MP: 8/12
  6891 | D:6      | Reached ** piety under Cheibriados
  8470 | D:7      | Reached *** piety under Cheibriados
  8913 | D:7      | Found a sparkling altar of Nemelex Xobeh.
  8962 | D:7      | Found a glowing silver altar of Zin.
  9045 | D:7      | Reached skill level 8 in Transmutations
  9756 | D:8      | Noticed Maurice
  9772 | D:8      | Killed Maurice
  9772 | D:8      | Reached XP level 10. HP: 63/63 MP: 8/13
  9835 | D:8      | Noticed Joseph
  9870 | D:8      | HP: 1/75 [Joseph/uncursed quarterstaff (15)]
  9871 | D:8      | Killed Joseph
 10191 | D:8      | Learned a level 5 spell: Blade Hands
 10316 | D:8      | Noticed Erica
 10333 | D:8      | Reached **** piety under Cheibriados
 10500 | D:8      | Found a glowing silver altar of Zin.
 10602 | D:8      | Noticed Grum
 10609 | D:8      | Reached skill level 9 in Unarmed Combat
 10616 | D:8      | Killed Grum
 10632 | D:8      | Killed Erica
 10632 | D:8      | Reached skill level 5 in Fighting
 10791 | D:8      | Reached skill level 5 in Dodging
 11174 | D:8      | Found an ancient bone altar of Kikubaaqudgha.
 11225 | D:8      | Noticed Pikel
 11234 | D:8      | Killed Pikel
 11234 | D:8      | Reached skill level 10 in Unarmed Combat
 11234 | D:8      | Reached skill level 1 in Invocations
 11234 | D:8      | Reached XP level 11. HP: 62/72 MP: 8/14
 11284 | D:8      | Reached ***** piety under Cheibriados
 11326 | D:9      | Noticed 4thArraOfDagon's ghost (novice MiFi)
 11348 | D:9      | Killed 4thArraOfDagon's ghost
 11456 | D:9      | Found a shadowy altar of Dithmenos.
 11806 | D:9      | Paralysed by an orc sorcerer for 4 turns
 12150 | D:9      | Found a staircase to the Orcish Mines.
 12236 | D:10     | Entered Level 10 of the Dungeon
 12370 | D:10     | Found a staircase to the Lair.
 12429 | D:10     | Noticed a hill giant
 12445 | D:10     | Killed a hill giant
 12445 | D:10     | Reached skill level 11 in Unarmed Combat
 12445 | D:10     | Reached skill level 5 in Invocations
 12924 | D:10     | Noticed a hill giant
 12932 | D:10     | Killed a hill giant
 13131 | D:10     | Noticed a hill giant
 13135 | D:10     | Noticed Psyche
 13135 | D:10     | Killed a hill giant
 13142 | D:10     | Killed Psyche
 13142 | D:10     | Reached XP level 12. HP: 25/80 MP: 11/16
 13577 | Lair:1   | Entered Level 1 of the Lair of Beasts
 13787 | Lair:1   | Reached ****** piety under Cheibriados
 13967 | Lair:1   | Identified Muduh's Grimoire of Destructive Flight
 14268 | Lair:1   | Noticed Gastronok
 14285 | Lair:1   | Killed Gastronok
 14285 | Lair:1   | Reached skill level 12 in Unarmed Combat
 15462 | Lair:2   | Reached XP level 13. HP: 56/88 MP: 13/19
 15841 | Lair:2   | Reached skill level 13 in Unarmed Combat
 16924 | Lair:3   | Found a snail-covered altar of Cheibriados.
 18307 | Lair:4   | Noticed nht's ghost (journeyman OgBe)
 18320 | Lair:4   | Killed nht's ghost
 18434 | Lair:4   | Noticed Nergalle
 18440 | Lair:4   | Killed Nergalle
 18440 | Lair:4   | Reached skill level 10 in Transmutations
 18688 | Lair:4   | Reached skill level 14 in Unarmed Combat
 18730 | Lair:4   | Reached XP level 14. HP: 85/97 MP: 15/20
 18739 | Lair:4   | Learned a level 2 spell: Repel Missiles
 18973 | Lair:4   | Found a staircase to the Shoals.
 19076 | Lair:4   | Reached skill level 1 in Evocations
 19203 | Lair:4   | Noticed Rupert
 19212 | Lair:4   | Killed Rupert
 20060 | Lair:5   | Found a dark tunnel.
 20065 | Volcano  | Entered a volcano
 20371 | Volcano  | Found a burning altar of Makhleb.
 20371 | Volcano  | Noticed Erolcha
 20376 | Volcano  | Cast into the Abyss (Erolcha)
 20787 | Abyss:1  | Reached skill level 10 in Fighting
 20807 | Abyss:1  | Noticed a cacodemon
 20838 | Abyss:1  | Found a corrupted altar of Lugonu.
 20899 | Abyss:1  | Gained mutation: Scrolls take you much longer to read. [a neqoxec]
 20907 | Abyss:1  | Noticed a lich
 20983 | Abyss:1  | Paralysed by accursed screaming for 1 turns
 21096 | Abyss:1  | Reached skill level 15 in Unarmed Combat
 21100 | Abyss:1  | Reached skill level 10 in Dodging
 21198 | Abyss:1  | Noticed a tentacled starspawn
 21207 | Abyss:1  | Slain by a tentacled starspawn

Action                   |  1- 3 |  4- 6 |  7- 9 | 10-12 | 13-15 || total
-------------------------+-------+-------+-------+-------+-------++-------
Melee: Unarmed           |    84 |   165 |   353 |   388 |   339 ||  1329
Throw: Stone             |       |     1 |     4 |    16 |    24 ||    45
 Cast: Beastly Appendage |     3 |       |       |       |       ||     3
       Spider Form       |     2 |    11 |    14 |       |     1 ||    28
       Ice Form          |       |       |    20 |     2 |    11 ||    33
       Blade Hands       |       |       |       |    47 |    30 ||    77
       Repel Missiles    |       |       |       |       |     1 ||     1
Invok: Bend Time         |       |       |     1 |     1 |     1 ||     3
       Temporal Distorti |       |       |       |     2 |     2 ||     4
       Slouch            |       |       |       |     1 |     5 ||     6
 Abil: End Transformatio |       |       |       |       |     1 ||     1
  Use: Scroll            |       |     2 |     6 |    14 |     2 ||    24
       Potion            |       |     2 |     3 |       |     1 ||     6
 Stab: Sleeping          |     4 |     3 |     5 |     9 |     2 ||    23
       Distracted        |       |       |       |     3 |       ||     3
  Eat: Chunk             |     1 |     4 |    29 |    30 |    17 ||    81
       Royal jelly       |       |     1 |       |       |       ||     1
       Bread ration      |       |       |     1 |       |       ||     1
